 Dungeon Crawl Stone Soup version 0.32-a0-43-g058985b245 (webtiles) character file.

Game seed: 2781499188801206107

7742 cforsyth the Fighter (level 11, -12/90 HPs)
             Began as a Djinni Warper on Feb 4, 2024.
             Mangled by a centaur warrior
             ... wielding a +2 long sword of electrocution
              (13 damage)
             ... on level 9 of the Dungeon.
             The game lasted 00:18:05 (11294 turns).

cforsyth the Fighter (Djinni Warper)               Turns: 11294, Time: 00:18:06

Health: -12/90     AC:  5    Str: 10    XL:     11   Next: 42%
Gold:   343        EV: 12    Int: 20    God:
                   SH:  0    Dex: 12

rFire   + . .        s - +2 dagger (flame)
rCold   + . .        (no shield)
rNeg    . . .        G - +1 robe {rC+}
rPois   ∞            n - +0 helmet
rElec   .            (no cloak)
rCorr   .            H - +0 pair of gloves
SInv    +            (boots unavailable)
Will    +....        (no amulet)
Stlth   +            B - ring of ice
HPRegen 0.35/turn    J - ring of see invisible
MPRegen 0.00/turn

%: infuse magic (-13 HP)
@: marked, freezing walls, flying, studying Invocations
A: sickness immunity, fire resistance 2, cold vulnerability 1, float, innate
caster, HP casting, extra vitality 1
a: no special abilities


You were on level 9 of the Dungeon.
You visited 1 branch of the dungeon, and saw 9 of its levels.

You collected 614 gold pieces.
You spent 271 gold pieces at shops.

Inventory:

Hand Weapons
 a - a +0 falchion
 s - a +2 dagger of flaming (weapon)
Missiles
 d - 6 darts of dispersal
 g - 27 poisoned darts
Armour
 b - a +0 leather armour
 n - a +0 helmet (worn)
 F - the +1 robe of the Painted Tick {SInv}
   (You found it on level 7 of the Dungeon)

   SInv:      It lets you see invisible.
 G - a +1 robe of cold resistance (worn)
 H - a +0 pair of gloves (worn)
Jewellery
 o - a ring of wizardry
 B - a ring of ice (left hand)
 J - a ring of see invisible (right hand)
Scrolls
 c - 4 scrolls of blinking
 h - 3 scrolls of teleportation
 i - a scroll of revelation {unknown}
 l - a scroll of vulnerability {unknown}
 m - 2 scrolls of poison {unknown}
 p - 3 scrolls of fog {unknown}
 t - a scroll of butterflies {unknown}
 u - 3 scrolls of fear {unknown}
 x - 2 scrolls of noise {unknown}
 y - a scroll of enchant armour {unknown}
 z - a scroll of brand weapon {unknown}
 C - a scroll of identify
 D - 2 scrolls of enchant weapon {unknown}
Potions
 e - 2 potions of brilliance
 f - a potion of cancellation
 j - 3 potions of curing
 k - a potion of lignification
 r - a potion of invisibility
 v - a potion of resistance
 w - a potion of enlightenment
 A - a potion of mutation
 E - a potion of haste
 I - 2 potions of might


   Skills:
 + Level 12.4 Fighting
 - Level 1.7 Long Blades
 - Level 0.7 Throwing
 - Level 1.0 Armour
 - Level 2.1 Dodging
 + Level 9.7 Spellcasting
 + Level 9.7 Conjurations
 + Level 9.7 Hexes
 + Level 9.7 Summonings
 + Level 9.7 Necromancy
 + Level 9.7 Translocations
 + Level 9.7 Fire Magic
 + Level 9.7 Ice Magic
 + Level 9.7 Air Magic
 + Level 9.7 Earth Magic
 + Level 9.7 Alchemy


You knew the following spells:

 Your Spells              Type           Power      Damage    Failure   Level
a - Blink                 Tloc           96%        N/A       1%          2
b - Lesser Beckoning      Tloc           96%        N/A       1%          2
c - Teleport Other        Tloc           48%        N/A       1%          3
d - Manifold Assault      Tloc           48%        N/A       1%          4
e - Vhi's Electric Charg  Tloc/Air       96%        N/A       1%          4
f - Sting                 Conj/Alch      100%       1d9       1%          1
g - Jinxbite              Hex            96%        N/A       1%          2
h - Searing Ray           Conj           96%        2d7       1%          2
i - Frozen Ramparts       Ice            100%       1d16      1%          3
j - Yara's Violent Unrav  Hex/Alch       24%        3d11      3%          5
Your spell library was empty.

Dungeon Overview and Level Annotations

Branches:
Dungeon (9/15)             Temple (0/1) D:7
   Lair: D:8-11         Orc: D:9-12

Altars:
Ashenzari
Fedhas
Gozag
Makhleb
Nemelex Xobeh
Qazlal
Trog
Uskayaw
Wu Jian
Yredelemnul
The Shining One

Shops:
D:1 *   D:7 *   D:8 [


Innate Abilities, Weirdness & Mutations

You are immune to sickness and miasma.
You are immune to poison.
Your flesh is very heat resistant. (rF++)
You are vulnerable to cold. (rC-)
You float through the air rather than walking.
You learn spells naturally, not from books.
Your magical power is your life essence.
You have superior vitality. (+4 MHP)


Message History

Confirm with . or Enter, or press ? or * to list all spells.
Okay, then.
You feel much better.
Casting: Searing Ray (safe; 1% risk of failure)
Confirm with . or Enter, or press ? or * to list all spells.
Casting: Frozen Ramparts (safe; 1% risk of failure)
Press: ? - help, Dir - look around, f - activate You feel a surge of power!
The walls around you are covered in ice.
The wight completely resists.
The wall freezes the wight but does no damage.
The wight resists.
The wall freezes the wight.
The wall freezes the centaur warrior.
The centaur warrior barely misses you.
The centaur warrior kicks you but does no damage.
Casting: Frozen Ramparts (safe; 1% risk of failure)
Confirm with . or Enter, or press ? or * to list all spells.
Aiming: Searing Ray (safe; 1% risk of failure)
Press: ? - help, Shift-Dir - straight line, f - wight
Aim: a wight, wielding a +5 war axe of freezing and wearing a +0 robe (severely damaged, 83% to hit)
The searing ray hits the centaur warrior.
The centaur warrior is lightly wounded.
The searing ray hits the wight.
You destroy the wight!
The searing ray hits the wight!
You destroy the wight! (Press . to maintain the ray.)
The wall freezes the centaur warrior.
The centaur warrior hits you with a +2 long sword of electrocution!
* * * LOW HITPOINT WARNING * * *
The centaur warrior kicks you.
* * * LOW HITPOINT WARNING * * *
The searing ray hits the centaur warrior.
The centaur warrior is moderately wounded.
* * * LOW HITPOINT WARNING * * *
The wall freezes the centaur warrior!
The centaur warrior misses you. The centaur warrior barely misses you.
The wall freezes the centaur warrior.
The centaur warrior hits you with a +2 long sword of electrocution!
* * * LOW HITPOINT WARNING * * *
You are electrocuted!
You die...

### .. .#####.
.......#######
#..))c@...## #######
#.#.#####..# #......
#.######.######......
..............#......
.@#########..#.#......
≈≈. ##.......... .≈..
.....#......>. ..≈..
#..####.#...... ..
#.#......


You could see a centaur warrior.

Vanquished Creatures
  Harold (D:9)
  A two-headed ogre (D:9)
  Maggie (D:6)
  A polar bear (D:9)
  2 hornets (D:8)
  Grinder (D:5)
  Prince Ribbit (D:8)
  A wraith (D:9)
  A steam dragon (D:9)
  3 water moccasins
  A sky beast (D:8)
  An orc warrior (D:9)
  6 ice beasts
  6 ogres
  2 black bears
  A wolf (D:9)
  3 centaurs
  2 phantoms
  A kobold brigand (D:7)
  2 bullfrogs (D:7)
  A gnoll sergeant (D:7)
  5 scorpions
  11 wights
  12 killer bees
  8 howler monkeys
  3 jellies
  2 orc priests
  2 hounds
  3 iguanas
  Terence (D:3)
  7 orc wizards
  3 sleepcaps
  5 gnolls
  10 adders
  A shadow imp (D:7)
  A white imp (D:7)
  4 ufetubi (D:5)
  2 dart slugs
  A ribbon worm (D:2)
  21 orcs
  4 ball pythons
  11 endoplasms
  2 giant cockroaches
  3 goblins
  6 hobgoblins
  8 jackals (D:1)
  11 kobolds
  5 quokkas
  2 frilled lizards (D:1)
  6 rats
199 creatures vanquished.

Notes
Turn   | Place    | Note
-------+----------+-------------------------------------------
     0 | D:1      | cforsyth the Djinni Warper began the quest for the Orb.
     0 | D:1      | cforsyth set off with the following spells memorised:
                  | Blink, Lesser Beckoning, Teleport Other, Manifold Assault,
                  | Vhi's Electric Charge.
     0 | D:1      | Reached XP level 1. HP: 18/18 MP: 0/0
   122 | D:1      | Reached XP level 2. HP: 11/23 MP: 0/0
   505 | D:1      | Reached XP level 3. HP: 29/29 MP: 0/0
   505 | D:1      | Learned a level 1 spell: Sting
   507 | D:1      | Found Gunneewk's General Store.
   511 | D:1      | Bought a scroll of identify for 24 gold pieces
   697 | D:1      | Reached skill level 3 in Fighting
  1097 | D:2      | Reached XP level 4. HP: 32/35 MP: 0/0
  1983 | D:3      | Reached XP level 5. HP: 17/41 MP: 0/0
  1983 | D:3      | Learned a level 2 spell: Jinxbite
  2349 | D:3      | Noticed Terence
  2357 | D:3      | Killed Terence
  2358 | D:3      | Reached skill level 4 in Fighting
  2535 | D:3      | Found a glowing golden altar of the Shining One.
  2611 | D:3      | Reached XP level 6. HP: 36/47 MP: 0/0
  2779 | D:3      | Found a burning altar of Makhleb.
  2791 | D:3      | Found a basalt altar of Yredelemnul.
  3037 | D:4      | Found a sparkling altar of Nemelex Xobeh.
  3194 | D:4      | Noticed a black bear
  3199 | D:4      | Killed a black bear
  3200 | D:4      | Reached skill level 5 in Fighting
  3200 | D:4      | Reached XP level 7. HP: 51/54 MP: 0/0
  3200 | D:4      | Learned a level 2 spell: Searing Ray
  3327 | D:4      | Reached skill level 5 in Spellcasting
  3327 | D:4      | Reached skill level 5 in Conjurations
  3327 | D:4      | Reached skill level 5 in Hexes
  3327 | D:4      | Reached skill level 5 in Summonings
  3327 | D:4      | Reached skill level 5 in Necromancy
  3327 | D:4      | Reached skill level 5 in Translocations
  3327 | D:4      | Reached skill level 5 in Fire Magic
  3327 | D:4      | Reached skill level 5 in Ice Magic
  3327 | D:4      | Reached skill level 5 in Air Magic
  3327 | D:4      | Reached skill level 5 in Earth Magic
  3327 | D:4      | Reached skill level 5 in Alchemy
  3599 | D:4      | Found an opulent altar of Gozag.
  3645 | D:4      | Reached skill level 6 in Fighting
  3697 | D:4      | Found a stormy altar of Qazlal.
  3705 | D:4      | Reached XP level 8. HP: 26/61 MP: 0/0
  4094 | D:4      | Found a broken altar of Ashenzari.
  4122 | D:5      | Entered Level 5 of the Dungeon
  4201 | D:5      | Found an ornate altar of the Wu Jian Council.
  4564 | D:5      | Reached skill level 7 in Fighting
  5480 | D:5      | Noticed Grinder
  5483 | D:5      | Paralysed by Grinder for 5 turns
  5496 | D:5      | Killed Grinder
  5497 | D:5      | Reached skill level 8 in Fighting
  5497 | D:5      | Reached XP level 9. HP: 45/70 MP: 0/0
  5497 | D:5      | Learned a level 3 spell: Frozen Ramparts
  5729 | D:6      | Noticed Maggie
  5746 | D:6      | Killed Maggie
  6135 | D:6      | Identified the staff of Lonn {Fly rC++ rN+ Necro}
  6196 | D:6      | Found a hide-covered altar of Uskayaw.
  6454 | D:6      | Reached skill level 9 in Fighting
  6678 | D:7      | Found a staircase to the Ecumenical Temple.
  6839 | D:7      | Identified the +1 robe of the Painted Tick {SInv}
  7191 | D:7      | Reached XP level 10. HP: 58/79 MP: 0/0
  7478 | D:7      | Found Taimoj's General Store.
  7482 | D:7      | Bought a scroll of identify for 22 gold pieces
  7482 | D:7      | Bought a scroll of identify for 22 gold pieces
  7482 | D:7      | Bought a scroll of teleportation for 33 gold pieces
  7482 | D:7      | Bought 3 scrolls of identify for 66 gold pieces
  7482 | D:7      | Bought a scroll of identify for 22 gold pieces
  7482 | D:7      | Bought a scroll of blinking for 82 gold pieces
  8029 | D:7      | Found Taimoj's General Store.
  8371 | D:7      | Found a staircase to the Ecumenical Temple.
  8595 | D:8      | Found Xutizoschuwa's Armour Emporium.
  8651 | D:8      | Reached skill level 10 in Fighting
  8823 | D:8      | Found a bloodstained altar of Trog.
  9167 | D:8      | Found a blossoming altar of Fedhas.
  9378 | D:8      | Noticed Prince Ribbit
  9793 | D:8      | Reached skill level 11 in Fighting
  9804 | D:8      | Killed Prince Ribbit
 10244 | D:9      | Reached XP level 11. HP: 24/87 MP: 0/0
 10244 | D:9      | Learned a level 5 spell: Yara's Violent Unravelling
 10943 | D:9      | Noticed a two-headed ogre
 10956 | D:9      | Killed a two-headed ogre
 10957 | D:9      | Reached skill level 12 in Fighting
 11260 | D:9      | Noticed Harold
 11276 | D:9      | Killed Harold
 11289 | D:9      | Noticed a centaur warrior
 11294 | D:9      | HP: 1/90 [centaur warrior/+2 long sword of electrocution
                  | (15)]
 11294 | D:9      | Mangled by a centaur warrior

Illustrated notes

Levels and vault maps discovered:
D:1:      dpeg_arrival_concentric_ovals, layout_loops_cross, serial_shops,
          nicolae_shop_crystal, minmay_cut_off
D:2:      layout_basic, st_stairs_12, hangedman_feature_mirror, minmay_puff
D:3:      layout_loops_ring, tso_oasis_becter,
          mainiacjoe_overflow_catwalk_spiral, minmay_misc_feat_x,
          kennysheep_generic_room_15, uniq_terence
D:4:      layout_loops_ring, mainiacjoe_overflow_alcove_2,
          nicolae_gozag_seed_capital, nemelex_diamond_rough_becter,
          mainiacjoe_overflow_tiny_flanked
D:5:      layout_basic, nzn_wu_jian_contemplation, uniq_grinder
D:6:      layout_loops_cross, eat_drink_and_be_merry_uskayaw, uniq_maggie
D:7:      layout_loops_ring, temple_statues, serial_shops,
          nicolae_shop_back_alley_shop, minmay_chambers_of_fives
D:8:      layout_rooms, hellmonk_overflow_destroyed_library,
          fedhas_bush_and_centaur_altar, serial_shops, shop_coins,
          serial_corexii_hall, corexii_hall_statues_t, corexii_hall_statues_l,
          minmay_manual_mail, uniq_prince_ribbit1
D:9:      layout_basic, nicolae_hepliaklqana_monster_ancestors,
          hangedman_ru_absence, hellmonk_lair_entry_icy, st_stairs_4,
          uniq_harold

Skill      XL: |  1  2  3  4  5  6  7  8  9 10 11 |
---------------+----------------------------------+-----
Spellcasting   | 3 4 5 6 7 9 |  9.7
Conjurations   | 3 4 5 6 7 9 |  9.7
Hexes          | 3 4 5 6 7 9 |  9.7
Summonings     | 3 4 5 6 7 9 |  9.7
Necromancy     | 3 4 5 6 7 9 |  9.7
Translocations | 3 4 5 6 7 9 |  9.7
Fire Magic     | 3 4 5 6 7 9 |  9.7
Ice Magic      | 3 4 5 6 7 9 |  9.7
Air Magic      | 3 4 5 6 7 9 |  9.7
Earth Magic    | 3 4 5 6 7 9 |  9.7
Alchemy        | 3 4 5 6 7 9 |  9.7
Fighting       | 3 4 5 6 8 9 11 12 | 12.4
Long Blades    | |  1.7
Throwing       | |  0.7
Armour         | |  1.0
Dodging        | |  2.1

Action                     |  1- 3 |  4- 6 |  7- 9 | 10-12 || total
---------------------------+-------+-------+-------+-------++-------
  Melee: Falchion          |    63 |     1 |       |       ||    64
         Dagger            |       |     2 |     3 |     2 ||     7
  Throw: Dart              |     1 |       |       |       ||     1
   Cast: Sting             |    22 |   113 |    53 |       ||   188
         Blink             |       |     1 |     1 |       ||     2
         Searing Ray       |       |       |    53 |    71 ||   124
         Frozen Ramparts   |       |       |     9 |    28 ||    37
         Lesser Beckoning  |       |       |       |     1 ||     1
         Teleport Other    |       |       |       |     1 ||     1
    Use: Scroll            |     1 |     2 |       |     9 ||    12
         Potion            |       |       |       |     3 ||     3
 Armour: Leather armour    |    61 |    24 |    67 |       ||   152
         Robe              |       |       |     6 |   101 ||   107
  Dodge: Dodged            |    55 |    18 |    52 |    62 ||   187

Table legend: (Time is in decaauts)
 A = Elapsed time spent in this place.
 B = Non-inter-level travel time spent in this place.
 C = Inter-level travel time spent in this place.
 D = Time resting spent in this place.
 E = Time spent auto-exploring this place.
 F = Levels seen in this place.
 G = Mean time per level.
                   A        B        C        D        E       F      G
               +--------+--------+--------+--------+--------+-----+--------+
         Total |  11311 |  11089 |    222 |   1106 |   8407 |   9 | 1256.8 |
       Dungeon |  11311 |  11089 |    222 |   1106 |   8407 |   9 | 1256.8 |
               +--------+--------+--------+--------+--------+-----+--------+

Top non-repeatable levels by time:
     D:7: 1916 daAuts
     D:5: 1887 daAuts
     D:8: 1641 daAuts
     D:3: 1137 daAuts
     D:1: 1067 daAuts
     D:9: 1063 daAuts
     D:4: 1016 daAuts
     D:2: 913 daAuts
     D:6: 669 daAuts
